 Dungeon Crawl Stone Soup version 0.23.2-40-g277498a001 (webtiles) character file.

Game seed: 1556530612339668459

667 MalarOregon the Shield-Bearer (level 7, -1/60 HPs)
             Began as a Pale Draconian Fighter on Sept 15, 2019.
             Killed from afar by an orc wizard (7 damage)
             ... with a magic dart
             ... on level 4 of the Dungeon.
             The game lasted 00:06:57 (4125 turns).

MalarOregon the Shield-Bearer (DrFi)                Turns: 4125, Time: 00:06:58

Health: -1/60      AC:  6    Str: 18    XL:     7   Next: 31%
Magic:  16/16      EV: 11    Int: 14    God:
Gold:   36         SH:  9    Dex: 10    Spells: 6/6 levels left

rFire    . . .     SeeInvis .   a - +1 war axe
rCold    . . .     Gourm    .   b - +0 shield
rNeg     . . .     Faith    .   (armour unavailable)
rPois    .         Spirit   .   (helmet restricted)
rElec    .         Reflect  .   (no cloak)
rCorr    .         Harm     .   (no gloves)
MR       .....                  (no boots)
Stlth    +.........             n - amulet of rage
HPRegen  0.20/turn              k - +3 ring of intelligence
MPRegen  0.15/turn              q - ring of magical power

@: lethally poisoned (-1 -> -3)
A: breathe steam, unfitting armour, cold-blooded, AC +6
a: Breathe Steam, Evoke Berserk Rage


You were on level 4 of the Dungeon.
You were not hungry.

You visited 1 branch of the dungeon, and saw 4 of its levels.

You collected 166 gold pieces.
You spent 130 gold pieces at shops.

Inventory:

Hand Weapons
 a - a +1 war axe (weapon)
Armour
 b - a +0 shield (worn)
 o - a +1 pair of boots
   (You found it on level 3 of the Dungeon)
Jewellery
 k - a +3 ring of intelligence (left hand)
   (You found it on level 2 of the Dungeon)
 n - an amulet of rage (around neck)
   (You found it on level 2 of the Dungeon)
 q - a ring of magical power (right hand)
   (You found it on level 3 of the Dungeon)
Scrolls
 d - 2 scrolls of fear {unknown}
 g - 2 scrolls of identify {@r1}
 i - a scroll of amnesia
 m - a scroll of remove curse {@r2}
 r - a scroll of magic mapping {unknown}
Potions
 c - 2 potions of might
 f - a potion of heal wounds {unknown}
 h - 4 potions of curing {@q1}
 j - a potion of degeneration {unknown}
 l - 3 potions of mutation {!q}
 p - a potion of haste {@q3}
Comestibles
 e - 8 rations {!d}


   Skills:
 + Level 4.9 Fighting
 * Level 4.8 Axes
 + Level 4.0 Dodging
 * Level 5.5 Shields


You had 6 spell levels left.
You didn't know any spells.
Your spell library was empty.

Dungeon Overview and Level Annotations

Branches:
Dungeon (4/15)
 Temple: D:4-7

Altars:
Okawaru
Ru
Sif Muna
Vehumet
Yredelemnul

Shops:
D:4 *


Innate Abilities, Weirdness & Mutations

You can breathe blasts of scalding, opaque steam.
Your pale cyan-grey scales are hard. (AC +6)
You cannot fit into any form of body armour.
You are cold-blooded and may be slowed by cold attacks.


Message History

The orc wizard casts a spell.
The orc wizard blinks!
You block the orc priest's attack.
The orc wizard gestures wildly while chanting.
The orc wizard blinks!
You barely miss the orc priest.
The orc priest mumbles some strange prayers to Beogh against you.
You struggle to resist.
The orc wizard hits you with a +2 dagger of venom.
* * * LOW HITPOINT WARNING * * *
You are poisoned.
You closely miss the orc priest.
Your tail-slap misses the orc priest.
You closely miss the orc wizard.
You feel sick.
The orc wizard mumbles some strange words.
The orc wizard blinks!
You block the orc priest's attack.
Unknown command.
You closely miss the orc priest.
Your tail-slap misses the orc priest.
You feel sick. You block the orc priest's attack.
You hit the orc priest but do no damage.
You feel sick.
The orc wizard casts a spell.
The orc wizard blinks!
The orc priest barely misses you. You block the orc priest's attack.
Unknown command.
You hit the orc priest but do no damage.
Your tail-slap misses the orc priest.
You feel sick.
The orc wizard casts a spell.
The orc wizard blinks!
The orc priest barely misses you.
You barely miss the orc priest.
You feel sick. You block the orc priest's attack.
You hit the orc priest but do no damage.
You tail-slap the orc priest, but do no damage.
You feel sick.
The orc priest hits you with a +0 hand axe.
* * * LOW HITPOINT WARNING * * *
You slash the orc priest!
You kill the orc priest!
You feel sick. You block the orc wizard's attack.
Your shield prevents you from hitting the orc wizard.
You tail-slap the orc wizard, but do no damage.
You feel sick. The orc wizard casts a spell at you. The magic dart hits you.
* * * LOW HITPOINT WARNING * * *
The orc wizard closely misses you.
Unknown command.
You closely miss the orc wizard.
Your tail-slap misses the orc wizard.
You feel sick. The orc wizard casts a spell at you. The magic dart hits you!
You die...

#.# #. #.# #.
##########.## #.
#...........# #.
#...........# #. #######
#...........###. ....<..
#...........##..
.......###...............
.....$.o@'............#.#
.......###............#..
....... ##............###
....... #......####'#.#
....... ######.# #.#.###
####### #.# #.#.##.
#.####.#.##. #....#.#.##.
####.#.....<


You could see an orc wizard.

Vanquished Creatures
  Eustachio (D:4)
  A phantom (D:4)
  A hound (D:3)
  5 orc priests
  4 orc wizards
  A worker ant (D:4)
  4 adders
  An ooze (D:3)
  A worm (D:3)
  3 dart slugs
  2 leopard geckos
  12 orcs
  2 ball pythons
  13 bats
  7 giant cockroaches
  2 goblins (D:1)
  7 hobgoblins
  3 jackals (D:2)
  3 frilled lizards (D:1)
  10 kobolds
  8 rats
91 creatures vanquished.

Notes
Turn   | Place    | Note
-------+----------+-------------------------------------------
     0 | D:1      | MalarOregon the Draconian Fighter began the quest for the
                  | Orb.
     0 | D:1      | Reached XP level 1. HP: 19/19 MP: 1/1
   101 | D:1      | Reached XP level 2. HP: 13/26 MP: 2/2
   606 | D:1      | Reached XP level 3. HP: 31/31 MP: 3/3
  1008 | D:2      | Reached XP level 4. HP: 23/40 MP: 4/4
  1650 | D:3      | Reached skill level 4 in Shields
  1662 | D:2      | Reached XP level 5. HP: 32/46 MP: 5/5
  2077 | D:3      | Found an iron altar of Okawaru.
  2156 | D:3      | Found a sacrificial altar of Ru.
  2257 | D:3      | Found a deep blue altar of Sif Muna.
  2260 | D:3      | Found a radiant altar of Vehumet.
  2263 | D:3      | Found a basalt altar of Yredelemnul.
  2354 | D:3      | Reached XP level 6. HP: 16/53 MP: 6/6
  2783 | D:4      | Noticed Eustachio
  3083 | D:4      | Killed Eustachio
  3279 | D:4      | Reached skill level 5 in Shields
  3620 | D:4      | Your scales start taking on a pale cyan-grey colour.
  3620 | D:4      | Reached XP level 7. HP: 51/60 MP: 7/7
  3736 | D:4      | Found an iron altar of Okawaru.
  3756 | D:4      | Found Xuanwo's General Store.
  3761 | D:4      | Bought a potion of haste for 130 gold pieces
  4125 | D:4      | Killed from afar by an orc wizard

Skill      XL: |  1  2  3  4  5  6  7 |
---------------+----------------------+-----
Dodging        | 3 4 |  4.0
Axes           | 3 4 |  4.8
Fighting       | 4 |  4.9
Shields        | 4 5 |  5.5

Action                   |  1- 3 |  4- 6 |  7- 9 || total
-------------------------+-------+-------+-------++-------
Melee: War axe           |   128 |   184 |    38 ||   350
       Tailslap          |    10 |    16 |     6 ||    32
  Use: Scroll            |       |       |     9 ||     9
 Stab: Sleeping          |     1 |       |       ||     1
  Eat: Chunk             |     1 |     7 |     3 ||    11
Armor: Skin              |    29 |    66 |     9 ||   104
Dodge: Dodged            |    75 |    93 |    15 ||   183
Block: Shield            |    61 |   105 |    14 ||   180
